 Dungeon Crawl Stone Soup version 0.29-a0-337-g68df138881 (webtiles) character file.

Game seed: 15235941837104217072

1802 Sunnyzura the Skirmisher (level 8, -3/74 HPs)
             Began as a Minotaur Hunter on Apr 17, 2022.
             Was a Priest of Makhleb.
             Killed by an exploding iguana (8 damage)
             ... ignited by their inner flame
             ... on level 7 of the Dungeon.
             The game lasted 01:49:10 (6947 turns).

Sunnyzura the Skirmisher (Minotaur Hunter)          Turns: 6947, Time: 01:49:10

Health: -3/74      AC:  9    Str: 15    XL:     8   Next: 83%
Magic:  18/18      EV: 13    Int:  6    God:    Makhleb [***...]
Gold:   235        SH:  0    Dex: 17    Spells: 7/7 levels left

rFire   + . .      SeeInvis +   a - +1 hunting sling
rCold   + . .      Faith    .   (no shield)
rNeg    . . .      Spirit   .   h - +2 ring mail {rPois}
rPois   +          Reflect  .   (helmet restricted)
rElec   .          Harm     .   w - scarf {rC+ rF+}
rCorr   .          Rampage  .   (no gloves)
Will    .....      Rnd*Tele +   J - +0 pair of boots
Stlth   +.........              (no amulet)
HPRegen 0.22/turn               A - ring of see invisible
MPRegen 0.16/turn               f - ring of magical power

@: no status effects
A: horns 2, retaliatory headbutt, teleportitis 1
a: Renounce Religion, Minor Destruction, Lesser Servant of Makhleb


You were on level 7 of the Dungeon.
You worshipped Makhleb.
Makhleb was most pleased with you.
You visited 1 branch of the dungeon, and saw 7 of its levels.

You collected 299 gold pieces.
You spent 64 gold pieces at shops.

Inventory:

Hand Weapons
 a - a +1 hunting sling (weapon)
 b - a +4 long sword
 D - a +0 long sword
 G - a +1 scythe of freezing
 L - a +0 shortbow
Missiles
 g - 258 stones
 l - 5 large rocks
 z - 4 poisoned darts (quivered)
Armour
 h - a +2 ring mail of poison resistance (worn)
 t - a +0 ring mail of cold resistance
 w - a scarf of resistance (worn)
 J - a +0 pair of boots (worn)
 O - a +2 ring mail of fire resistance
Jewellery
 e - a ring of wizardry
 f - a ring of magical power (right hand)
 A - a ring of see invisible (left hand)
Scrolls
 c - 2 scrolls of immolation
 m - 2 scrolls of teleportation
 s - 2 scrolls of blinking
 v - 2 scrolls of acquirement {unknown}
 y - 2 scrolls of summoning {unknown}
 B - 2 scrolls of fog {unknown}
 C - a scroll of magic mapping {unknown}
 H - a scroll of enchant weapon {unknown}
 I - a scroll of amnesia {unknown}
 K - a scroll of noise {unknown}
Potions
 n - 2 potions of attraction
 p - 2 potions of resistance
 q - 3 potions of cancellation
 r - 3 potions of invisibility
 u - a potion of lignification {unknown}
 x - a potion of might {unknown}
 F - 4 potions of curing
 N - a potion of magic {unknown}


   Skills:
 * Level 7.7 Fighting
 - Level 7.0 Slings
 + Level 5.8 Armour
 + Level 5.4 Dodging
 - Level 2.0 Stealth
 - Level 2.1 Unarmed Combat
 - Level 3.0 Invocations


You had 7 spell levels left.
You didn't know any spells.
Your spell library contained the following spells:

 Spells                   Type           Power      Damage    Failure   Level
 Apportation              Tloc           0%         N/A       65%         1
 Dazzling Flash           Conj/Hex       0%         N/A       95%         3
 Ozocubu's Armour         Ice            0%         N/A       95%         3
 Agony                    Necr           0%         N/A       100%        5
 Alistair's Intoxication  Tmut/Pois      0%         N/A       100%        5
 Silence                  Hex/Air        0%         N/A       100%        5
 Ozocubu's Refrigeration  Ice            0%         4d5       100%        7


Dungeon Overview and Level Annotations

Branches:
Dungeon (7/15)             Temple (0/1) D:6

Altars:
Dithmenos
Makhleb
Ru

Shops:
D:3 [   D:5 *


Innate Abilities, Weirdness & Mutations

You have a pair of horns on your head.
You reflexively headbutt those who attack you in melee.
You are occasionally teleported next to monsters.


Message History

The iguana bites you!
A demon appears!
The iguana bites you.
Aiming: Minor Destruction (4% risk of failure)
Press: ? - help, Shift-Dir - straight line, f/p - wyvern
Aim: a wyvern The puff of flame hits the wyvern.
The wyvern is lightly wounded.
The wyvern bites you.
Your neqoxec completely misses the iguana.
The iguana bites you.
You shoot a sling bullet. The sling bullet hits the iguana.
The iguana is severely wounded.
The wyvern bites you but does no damage.
The wyvern bites you!
Your neqoxec hits the iguana but does no damage.
The iguana bites your neqoxec!
You are too injured to fight recklessly!
Aiming: Minor Destruction (4% risk of failure)
Press: ? - help, Shift-Dir - straight line, f/p - iguana
Aim: an iguana (severely wounded, not watching you, ally target)
The iguana writhes in agony.
The wyvern bites you but does no damage.
Your neqoxec hits the iguana but does no damage.
The iguana misses you.
As you read the scroll of immolation, it crumbles to dust.
The creatures around you are filled with an inner flame!
The wyvern bites you!
* * * LOW HITPOINT WARNING * * *
The wyvern bites you!
* * * LOW HITPOINT WARNING * * *
Your neqoxec hits the iguana. Makhleb accepts your kill.
The iguana explodes!
The fiery explosion engulfs the wyvern!!
Makhleb accepts your kill.
You feel better.
The fiery explosion engulfs your neqoxec!!
Your neqoxec disappears in a puff of smoke!
The fiery explosion engulfs you! You resist.
You die...

#
#(..#####
......§@#
......§§#
......§§#
######.##
#. #. #.
#!


There were no monsters in sight!

Vanquished Creatures
  A wyvern (D:7)
  A water moccasin (D:5)
  3 sky beasts
  A black bear (D:6)
  2 ogres
  A centaur (D:5)
  A lemure (D:4)
  2 scorpions (D:5)
  2 wights
  A howler monkey (D:7)
  4 hounds
  An orc priest (D:4)
  3 gnoll shamans
  7 iguanas
  10 adders
  10 gnolls
  3 white imps
  A worm (D:5)
  4 dart slugs
  12 orcs
  11 endoplasms
  4 giant cockroaches
  9 goblins
  15 hobgoblins
  3 jackals (D:5)
  3 quokkas
  8 ball pythons
  4 bats
  4 frilled lizards
  8 kobolds
  15 rats
154 creatures vanquished.

Vanquished Creatures (collateral kills)
  Blork the orc (D:6)
  An iguana (D:7)
2 creatures vanquished.

Grand Total: 156 creatures vanquished

Notes
Turn   | Place    | Note
-------+----------+-------------------------------------------
     0 | D:1      | Sunnyzura the Minotaur Hunter began the quest for the Orb.
     0 | D:1      | Reached XP level 1. HP: 18/18 MP: 0/0
   101 | D:1      | Reached skill level 1 in Stealth
   130 | D:1      | Reached XP level 2. HP: 25/25 MP: 1/1
   628 | D:1      | Gained mutation: Your movements are slightly less
                  | encumbered by armour. (ER -2) [potion of mutation]
   628 | D:1      | Gained mutation: You are weak. (Str -2) [potion of
                  | mutation]
  1060 | D:1      | Reached XP level 3. HP: 31/31 MP: 2/2
  1565 | D:2      | Found a faded altar of an unknown god.
  1833 | D:2      | Reached skill level 1 in Armour
  1954 | D:2      | Prayed at the altar of an unknown god.
  1954 | D:2      | Became a worshipper of Makhleb the Destroyer
  1954 | D:2      | Reached * piety under Makhleb
  2041 | D:2      | Reached XP level 4. HP: 38/38 MP: 3/3
  2463 | D:3      | Found Roog's Antique Armour Boutique.
  2539 | D:3      | Reached skill level 5 in Slings
  2815 | D:5      | Entered Level 5 of the Dungeon
  2853 | D:5      | Noticed a scorpion
  2901 | D:5      | Reached XP level 5. HP: 45/45 MP: 4/4
  2903 | D:5      | Lost mutation: Your movements are slightly less encumbered
                  | by armour. (ER -2) [potion of mutation]
  2903 | D:5      | Lost mutation: You are weak. (Str -2) [potion of mutation]
  2903 | D:5      | Gained mutation: You are frail. (-10% HP) [potion of
                  | mutation]
  2903 | D:5      | Gained mutation: You are occasionally teleported next to
                  | monsters. [potion of mutation]
  2903 | D:5      | Lost mutation: You are frail. (-10% HP) [potion of
                  | mutation]
  2942 | D:5      | Found Lirigiwk's Assorted Antiques.
  2995 | D:4      | Reached ** piety under Makhleb
  3347 | D:4      | Noticed a lemure
  3347 | D:4      | Noticed a lemure
  3347 | D:4      | Noticed a lemure
  3369 | D:4      | Reached XP level 6. HP: 52/52 MP: 5/5
  3369 | D:4      | Found a shadowy altar of Dithmenos.
  3526 | D:4      | Found a sacrificial altar of Ru.
  3769 | D:5      | Bought a scroll labelled FAUJAN WIUDAKH for 32 gold pieces
  3769 | D:5      | Bought a scroll labelled EJIPRA YNEYM for 32 gold pieces
  3842 | D:5      | Reached skill level 1 in Unarmed Combat
  3842 | D:5      | Reached XP level 7. HP: 57/60 MP: 6/6
  4487 | D:5      | Reached skill level 5 in Fighting
  4759 | D:5      | Reached skill level 1 in Invocations
  5216 | D:5      | Reached skill level 5 in Dodging
  5323 | D:5      | Reached *** piety under Makhleb
  5381 | D:5      | Reached XP level 8. HP: 70/70 MP: 7/7
  5553 | D:5      | Reached skill level 5 in Armour
  5918 | D:6      | Noticed Blork the orc
  5920 | D:6      | Noticed a two-headed ogre
  6224 | D:6      | Killed Blork the orc
  6277 | D:6      | Found a staircase to the Ecumenical Temple.
  6947 | D:7      | HP: 2/74 [wyvern (14)]
  6947 | D:7      | Killed by an exploding iguana... ignited by their inner
                  | flame

Illustrated notes

Levels and vault maps discovered:
D:1:      minmay_arrival_four_loops, layout_basic
D:2:      layout_rooms, chequers_ecumenical_altar_simple_redux
D:3:      layout_loops_cross, serial_shops, shop
D:4:      minmay_razor_zed, layout_layer_cave, nicolae_dithmenos_shadow_blocks,
          portal_sewer_entry_d, minmay_ruined_shrine, uniq_pikel
D:5:      minmay_bubble_buster, layout_gridville, serial_shops,
          nicolae_shop_hallway_stairs
D:6:      layout_loops_cross, minmay_temple_entry_glassed_door,
          uniq_blork_the_orc
D:7:      layout_basic

Skill      XL: |  1  2  3  4  5  6  7  8 |
---------------+-------------------------+-----
Stealth        | 1 2 |  2.0
Fighting       | 3 4 5 7 |  7.7
Armour         | 1 2 3 4 5 |  5.8
Dodging        | 3 4 5 |  5.4
Slings         | 5 6 7 |  7.0
Unarmed Combat | 1 2 |  2.1
Invocations    | 1 3 |  3.0

Action                   |  1- 3 |  4- 6 |  7- 9 || total
-------------------------+-------+-------+-------++-------
Melee: Hunting sling     |       |     1 |     1 ||     2
       Headbutt          |       |     1 |       ||     1
 Fire: Hunting sling     |   125 |   231 |   227 ||   583
Throw: Dart              |       |       |    34 ||    34
       Stone             |       |       |     2 ||     2
Invok: Minor Destruction |       |       |    15 ||    15
       Lesser Servant of |       |       |     2 ||     2
  Use: Scroll            |     5 |     4 |     7 ||    16
       Potion            |     2 |     2 |     3 ||     7
Armor: Ring mail         |    22 |    50 |    66 ||   138
Dodge: Dodged            |    25 |   110 |   116 ||   251

Table legend: (Time is in decaauts)
 A = Elapsed time spent in this place.
 B = Non-inter-level travel time spent in this place.
 C = Inter-level travel time spent in this place.
 D = Time resting spent in this place.
 E = Time spent auto-exploring this place.
 F = Levels seen in this place.
 G = Mean time per level.
                   A        B        C        D        E       F      G
               +--------+--------+--------+--------+--------+-----+--------+
         Total |   7130 |   5158 |   1972 |   2003 |   1759 |   7 | 1018.6 |
       Dungeon |   7130 |   5158 |   1972 |   2003 |   1759 |   7 | 1018.6 |
               +--------+--------+--------+--------+--------+-----+--------+

Top non-repeatable levels by time:
     D:5: 2363 daAuts
     D:1: 1421 daAuts
     D:4: 987 daAuts
     D:6: 960 daAuts
     D:3: 669 daAuts
     D:2: 666 daAuts
     D:7: 61 daAuts
